 Dungeon Crawl Stone Soup version 0.31-a0-263-ge8cad7f256 (webtiles) character file.

Game seed: 8699038128093504318

165 LeprechaunX the Changeling (level 5, -4/36 HPs)
             Began as an Octopode Shapeshifter on July 13, 2023.
             Slain by an orc
             ... wielding a +0 war axe
              (7 damage)
             ... on level 3 of the Dungeon.
             The game lasted 00:03:01 (1777 turns).

LeprechaunX the Changeling (Octopode Shapeshifter)  Turns: 1777, Time: 00:03:01

Health: -4/36      AC:  1    Str: 15    XL:     5   Next: 46%
Magic:  5/5        EV: 13    Int: 10    God:
Gold:   87         SH:  0    Dex: 14    Spells: 4/4 levels left

rFire   . . .        j - +2 dagger (freeze)
rCold   . . .        (no shield)
rNeg    . . .        (helmet currently unavailable)
rPois   .            (no amulet)
rElec   .            (no ring)
rCorr   .            (no ring)
SInv    .            (no ring)
Will    .....        (no ring)
Stlth   ++           (no ring)
HPRegen 0.26/turn    (no ring)
MPRegen 0.09/turn    (no ring)
                     (no ring)

%: no passive effects
@: beast-form
A: beast (slay +2), almost no armour, amphibious, 8 rings, camouflage 1,
gelatinous body 1, (nimble swimmer 1), tentacles
a: Begin Untransformation


You were on level 3 of the Dungeon.
You were a hulking beast.
You visited 1 branch of the dungeon, and saw 3 of its levels.

You collected 87 gold pieces.

Inventory:

Hand Weapons
 j - a +2 dagger of freezing (weapon)
Missiles
 g - 6 boomerangs (quivered)
Talismans
 b - a beast talisman
Scrolls
 d - 2 scrolls of identify {unknown}
 h - a scroll of fear {unknown}
Potions
 a - a potion of lignification
 c - 2 potions of might {unknown}
 e - 2 potions of degeneration {unknown}
 f - 2 potions of magic {unknown}
 i - a potion of heal wounds {unknown}


   Skills:
 + Level 2.8 Fighting
 + Level 2.7 Dodging
 * Level 3.4 Unarmed Combat
 * Level 3.9 Shapeshifting


You had 4 spell levels left.
You didn't know any spells.
Your spell library was empty.

Dungeon Overview and Level Annotations

Branches:
Dungeon (3/15)

Altars:

Shops:
D:1 *


Innate Abilities, Weirdness & Mutations

You are a hulking beast.
Your limbs bulge with bestial killing power. (Slay +2)
You cannot wear most types of armour.
You are amphibious.
You can wear up to eight rings at the same time.
Your skin changes colour to match your surroundings (Stealth+).
Your rubbery body absorbs attacks. (AC +1, EV +1)
((You are camouflaged when in or above water. (Stealth+)))
You have tentacles for arms and can constrict up to eight enemies at once.


Message History

You are too injured to fight recklessly!
You are too injured to fight recklessly!
You are too injured to fight recklessly!
You are too injured to fight recklessly!
You are too injured to fight recklessly!
You are too injured to fight recklessly!
You are too injured to fight recklessly!
You are too injured to fight recklessly!
You are too injured to fight recklessly!
You are too injured to fight recklessly!
You are too injured to fight recklessly!
Unknown command.
You hit the orc priest. You freeze the orc priest. You grab the orc priest.
You tentacle-slap the orc priest.
You squeeze the orc priest, but do no damage.
The orc priest is heavily wounded.
You constrict the orc priest. The orc priest closely misses you.
The goblin barely misses you.
You hit the goblin. You freeze the goblin.
You kill the goblin!
You constrict the orc priest, but do no damage.
The orc priest barely misses you.
You hit the orc. You grab the orc.
The orc is lightly wounded.
You constrict the orc. You constrict the orc priest.
The orc priest barely misses you. The orc hits you with a +0 war axe.
* * * LOW HITPOINT WARNING * * *
You completely miss the orc priest. You squeeze the orc priest.
You kill the orc priest!
You constrict the orc. The orc hits you with a +0 war axe!
* * * LOW HITPOINT WARNING * * *
You hit the orc. You squeeze the orc, but do no damage.
The orc is heavily wounded.
You constrict the orc, but do no damage.
The orc barely misses you.
You hit the orc but do no damage.
The orc is heavily wounded.
You constrict the orc, but do no damage.
The orc hits you with a +0 war axe!
You die...

#.#..##)#.†^....###.#
#......)..(.....##.##
#.......#.......###.#
#.#...#.#.......##.#.
#...#...........#.###
#..###.[#.......##.##
#...#...#.####.####.#
##.......#.. .# ##.
#....h..##### # ##
#!##.o).....# # #.
#....###.# . #.
#.....# ## .o
.#...... #.##..###.
.. ... # #.. ####


You could see an orc.

Vanquished Creatures
  2 orc priests (D:3)
  Terence (D:2)
  An adder (D:2)
  A worm (D:2)
  5 dart slugs
  2 orcs (D:3)
  3 ball pythons
  6 bats
  7 endoplasms
  4 giant cockroaches
  8 goblins
  5 hobgoblins
  2 quokkas
  2 frilled lizards (D:1)
  4 kobolds
  4 rats
57 creatures vanquished.

Notes
Turn   | Place    | Note
-------+----------+-------------------------------------------
     0 | D:1      | LeprechaunX the Octopode Shapeshifter began the quest for
                  | the Orb.
     0 | D:1      | Reached XP level 1. HP: 14/14 MP: 1/1
   120 | D:1      | Found Gasowe's Assorted Antiques.
   126 | D:1      | Reached XP level 2. HP: 14/19 MP: 2/2
   689 | D:1      | Reached XP level 3. HP: 23/24 MP: 3/3
  1293 | D:2      | Reached XP level 4. HP: 20/30 MP: 4/4
  1516 | D:2      | Noticed Terence
  1526 | D:2      | Killed Terence
  1763 | D:3      | Reached XP level 5. HP: 36/36 MP: 5/5
  1777 | D:3      | Slain by an orc

Illustrated notes

Levels and vault maps discovered:
D:1:      amcnicky_arrival_double_pillar, layout_basic, serial_shops,
          shop_fountains, chequers_big_river
D:2:      layout_basic, uniq_terence
D:3:      layout_loops_cross, bloody_makhleb, nicolae_qazlal_beasts_of_the_sky,
          hellmonk_ecumenical_altar_prayer_group, uniq_robin

Skill      XL: |  1  2  3  4 |
---------------+-------------+-----
Unarmed Combat | 3 |  3.4
Fighting       | |  2.8
Dodging        | |  2.7
Shapeshifting  | |  3.9

Action                     |  1- 3 |  4- 6 || total
---------------------------+-------+-------++-------
  Melee: Unarmed           |    88 |    16 ||   104
         Constrict         |    23 |     6 ||    29
         Tentacles         |    16 |     8 ||    24
         Dagger            |       |    14 ||    14
         Punch             |       |     1 ||     1
  Throw: Boomerang         |       |     1 ||     1
   Stab: Sleeping          |     6 |     4 ||    10
 Armour: Skin              |     6 |       ||     6
  Dodge: Dodged            |    46 |    11 ||    57

Table legend: (Time is in decaauts)
 A = Elapsed time spent in this place.
 B = Non-inter-level travel time spent in this place.
 C = Inter-level travel time spent in this place.
 D = Time resting spent in this place.
 E = Time spent auto-exploring this place.
 F = Levels seen in this place.
 G = Mean time per level.
                   A        B        C        D        E       F      G
               +--------+--------+--------+--------+--------+-----+--------+
         Total |   1769 |   1733 |     36 |      0 |   1394 |   3 |  589.7 |
       Dungeon |   1769 |   1733 |     36 |      0 |   1394 |   3 |  589.7 |
               +--------+--------+--------+--------+--------+-----+--------+

Top non-repeatable levels by time:
     D:1: 1119 daAuts
     D:2: 563 daAuts
     D:3: 87 daAuts
